 Dungeon Crawl Stone Soup version 0.23-a0-663-g304f35b (webtiles) character file.

1983 TheGoonsmith the Ruffian (level 9, -3/68 HPs)
             Began as a Demonspawn Gladiator on Jan 7, 2019.
             Was a Priest of Nemelex Xobeh.
             Killed by an exploding ball lightning (8 damage)
             ... summoned by a card of wild magic
             ... on level 7 of the Dungeon.
             The game lasted 00:14:11 (6788 turns).

TheGoonsmith the Ruffian (Demonspawn Gladiator)     Turns: 6788, Time: 00:14:12

Health: -3/68      AC:  8    Str: 17    XL:     9   Next: 1%
Magic:  13/13      EV: 12    Int: 10    God:    Nemelex Xobeh [***...]
Gold:   366        SH:  0    Dex: 21    Spells: 8/8 levels left

rFire    . . .     SeeInvis .   j - +11 flail of Suicidal Tendencies {elec, Dex+6}
rCold    + . .     Gourm    .   (no shield)
rNeg     . . .     Faith    .   p - +2 ring mail {MR+}
rPois    .         Spirit   .   (helmet restricted)
rElec    .         Reflect  .   (no cloak)
rCorr    .         Harm     .   q - +0 pair of gloves
MR       +....                  (no boots)
Stlth    +.........             (no amulet)
HPRegen  0.21/turn              (no ring)
MPRegen  0.13/turn              (no ring)

@: no status effects
A: antennae 2, claws 2, hooves 2, cold resistance 1
a: Draw Escape, Draw Destruction, Draw Summoning, Triple Draw, Renounce Religion


You were on level 7 of the Dungeon.
You worshipped Nemelex Xobeh.
Nemelex Xobeh was most pleased with you.
You were not hungry.

You visited 1 branch of the dungeon, and saw 7 of its levels.
You also visited: Sewer.

You collected 366 gold pieces.

Inventory:

Hand Weapons
 a - a +0 war axe
 j - the +11 flail of Suicidal Tendencies (weapon) {elec, Dex+6}
   (You found it in a sewer)

   Occasionally, upon striking a foe, it will discharge some electrical energy
   and cause terrible harm.
   It affects your dexterity (+6).
Missiles
 d - 3 throwing nets (quivered)
 h - 288 stones
 i - 57 sling bullets
Armour
 b - a +0 leather armour
 c - a +0 helmet
 l - a +0 scale mail
 p - a +2 ring mail of magic resistance (worn)
 q - a +0 pair of gloves (worn)
 v - a +0 chain mail
Jewellery
 g - an uncursed ring of ice
 m - an uncursed ring of fire
 u - an uncursed ring of see invisible {unknown}
Wands
 k - a wand of paralysis (12)
 s - a wand of iceblast (7)
Scrolls
 e - 3 scrolls of remove curse
 n - 2 scrolls of amnesia
 x - a scroll of teleportation {unknown}
Potions
 o - 3 potions of flight
 r - 2 potions of resistance
 t - 2 potions of agility
Comestibles
 f - 11 rations
 w - a chunk of flesh


   Skills:
 - Level 5.0 Fighting
 - Level 3.1(3.8) Axes
 * Level 3.2(3.8) Maces & Flails
 - Level 1.7 Throwing
 + Level 3.1 Armour
 - Level 2.6 Dodging
 - Level 7.1 Unarmed Combat
 - Level 6.0 Invocations


You had 8 spell levels left.
You didn't know any spells.
Your spell library was empty.

Dungeon Overview and Level Annotations

Branches:
Dungeon (7/15)
 Temple: D:4-7

Altars:
Nemelex Xobeh
Sif Muna


Innate Abilities, Weirdness & Mutations

You have a pair of antennae on your head.
You have very sharp fingernails.
You have hoof-like feet.
Your flesh is cold resistant. (rC+)


Message History

You have reached level 9!
Your experience leads to an increase in your attributes!
Your base attributes are Str 16, Int 10, Dex 15.
Increase (S)trength, (I)ntelligence, or (D)exterity?
You feel stronger.
Your demonic ancestry asserts itself...
Your fingernails sharpen.
You feel a bit more experienced.
The explosion engulfs the phantom.
The phantom resists.
The orc looks as sick as possible!
The orc looks incredibly sick.
You feel a surge of magic. The phantom closely misses you.
The orc warrior hits you with a +0 short sword!
* * * LOW HITPOINT WARNING * * *
TheGoonsmith's illusion misses the phantom.
Okay, then.
Your ball lightning explodes!
The blast of lightning engulfs the orc.
You kill the orc!
The blast of lightning engulfs you!
You die...
Your body glows slightly and disappears.

##. #.. . .. # ..
#####.### .#...
..#.#.....##...
.............
#.........#
##..#...)@#####..
.......)W.$......
##....)[@o†......
......†<..>...#..
......!........#
..............##
................
...$.............
.........#.......


You could see a phantom, an orc warrior and the friendly TheGoonsmith's
illusion.

Vanquished Creatures
  Eustachio (D:4)
  Purgy (Sewer)
  A sky beast (D:5)
  2 orc warriors
  3 ogres
  A phantom (D:5)
  A centaur (D:5)
  A scorpion (D:5)
  2 howler monkeys (D:4)
  2 crimson imps
  3 orc priests
  2 jellies
  4 orc wizards
  Terence (D:3)
  An iguana (D:4)
  Natasha (thrice) (D:2)
  5 worker ants
  A hound zombie (D:5)
  A hound skeleton (D:5)
  A mummy (D:6)
  6 adders
  2 oozes (D:4)
  An adder skeleton (D:5)
  3 worms
  3 dart slugs
  8 leopard geckos
  21 orcs
  3 ball pythons
  3 giant cockroaches
  11 goblins
  10 hobgoblins
  24 jackals
  16 kobolds
  4 quokkas
  7 bats
  2 frilled lizards
  A hobgoblin zombie (D:6)
  A kobold zombie (D:6)
  A leopard gecko skeleton (D:4)
  2 orc zombies (D:6)
  6 rats
172 creatures vanquished.

Vanquished Creatures (collateral kills)
  An ogre (D:5)
  2 orcs (D:7)
3 creatures vanquished.

Vanquished Creatures (others)
  An orc wizard (D:7)
  4 orcs
5 creatures vanquished.

Grand Total: 180 creatures vanquished

Notes
Turn   | Place    | Note
-------+----------+-------------------------------------------
     0 | D:1      | TheGoonsmith the Demonspawn Gladiator began the quest for
                  | the Orb.
     0 | D:1      | Reached XP level 1. HP: 16/16 MP: 1/1
   274 | D:1      | Gained mutation: You have a pair of small antennae on your
                  | head. [demonic ancestry]
   274 | D:1      | Reached XP level 2. HP: 20/22 MP: 2/2
   584 | D:1      | Reached skill level 1 in Unarmed Combat
   844 | D:1      | Gained mutation: You have large cloven feet. [demonic
                  | ancestry]
   844 | D:1      | Reached XP level 3. HP: 22/28 MP: 3/3
  1526 | D:2      | Found a sparkling altar of Nemelex Xobeh.
  1534 | D:2      | Became a worshipper of Nemelex Xobeh the Trickster
  1608 | D:2      | Reached skill level 2 in Unarmed Combat
  1618 | D:2      | Received a gift from Nemelex Xobeh
  1669 | D:2      | Noticed Natasha
  1682 | D:2      | Killed Natasha
  1682 | D:2      | Gained mutation: You have hoof-like feet. [demonic
                  | ancestry]
  1682 | D:2      | Reached XP level 4. HP: 11/35 MP: 4/4
  1946 | D:2      | Noticed Natasha
  1953 | D:2      | Killed Natasha
  1961 | D:2      | Noticed Natasha
  1964 | D:2      | Killed Natasha
  1964 | D:2      | Reached skill level 3 in Unarmed Combat
  1964 | D:2      | Reached XP level 5. HP: 41/41 MP: 5/5
  2437 | D:3      | Noticed Terence
  2449 | D:3      | Killed Terence
  2479 | D:3      | Found a deep blue altar of Sif Muna.
  2564 | D:3      | Reached * piety under Nemelex Xobeh
  2778 | D:3      | Reached skill level 1 in Invocations
  3189 | D:3      | Gained mutation: You have sharp fingernails. [demonic
                  | ancestry]
  3189 | D:3      | Reached XP level 6. HP: 48/48 MP: 6/6
  3327 | D:3      | Reached skill level 4 in Unarmed Combat
  3509 | D:4      | Noticed Eustachio
  3690 | D:4      | Killed Eustachio
  3690 | D:4      | Reached skill level 5 in Unarmed Combat
  3690 | D:4      | Gained mutation: Your flesh is cold resistant. (rC+)
                  | [demonic ancestry]
  3690 | D:4      | Reached XP level 7. HP: 31/54 MP: 7/9
  3954 | D:4      | Reached ** piety under Nemelex Xobeh
  4436 | D:4      | Received a gift from Nemelex Xobeh
  4479 | D:5      | Entered Level 5 of the Dungeon
  4909 | D:5      | Reached skill level 6 in Unarmed Combat
  5071 | D:5      | Reached skill level 5 in Invocations
  5221 | D:5      | Gained mutation: You have a pair of antennae on your head.
                  | [demonic ancestry]
  5221 | D:5      | Reached XP level 8. HP: 60/60 MP: 12/12
  5244 | D:5      | Received a gift from Nemelex Xobeh
  5316 | D:5      | Reached skill level 1 in Armour
  5706 | D:6      | Reached *** piety under Nemelex Xobeh
  5754 | D:6      | Reached skill level 7 in Unarmed Combat
  5795 | D:6      | Found a glowing drain.
  5844 | Sewer    | Entered a sewer
  5936 | Sewer    | Got a slimy flail
  5937 | Sewer    | Identified the +11 flail of Suicidal Tendencies {elec,
                  | Dex+6} (You found it in a sewer)
  5954 | Sewer    | Noticed Purgy
  5960 | Sewer    | Killed Purgy
  5960 | Sewer    | Reached skill level 1 in Maces & Flails
  6036 | D:6      | Reached skill level 5 in Fighting
  6787 | D:7      | Gained mutation: You have very sharp fingernails. [demonic
                  | ancestry]
  6787 | D:7      | Reached XP level 9. HP: 18/68 MP: 13/13
  6788 | D:7      | Killed by an exploding ball lightning

Vault maps used:
D:1:      dpeg_arrival_three_same_balls
D:2:      nemelex_altar_shiori, uniq_natasha
D:3:      old_standard_altar, minmay_bisected, uniq_terence
D:4:      serial_glass, glass_columns_b, glass_columns_c, uniq_eustachio
D:5:      first_ration
D:6:      portal_sewer_entry_f, st_stairs_9, minmay_mini_ossuary
D:7:      minmay_temple_entry_nine_rooms, serial_park, serial_park_square1,
          serial_park_gazebo, serial_park_square3, serial_park_tiny_pond,
          grunt_ogre_cave
Sewer:    kennysheep_door_sewer

Skill      XL: |  1  2  3  4  5  6  7  8 |
---------------+-------------------------+-----
Axes           | 3 |  3.1
Unarmed Combat | 1 2 3 5 6 7 |  7.1
Fighting       | 3 4 5 |  5.0
Invocations    | 1 3 5 6 |  6.0
Armour         | 3 |  3.1
Maces & Flails | 3 |  3.2
Throwing       | |  1.7
Dodging        | |  2.6

Action                   |  1- 3 |  4- 6 |  7- 9 || total
-------------------------+-------+-------+-------++-------
Melee: War axe           |   122 |   188 |   146 ||   456
       Kick              |    13 |    47 |    55 ||   115
       Punch             |       |     1 |     4 ||     5
       Flail             |       |       |    52 ||    52
Throw: Throwing net      |     1 |       |       ||     1
 Abil: Draw Destruction  |       |     1 |     3 ||     4
       Draw Escape       |       |       |     1 ||     1
       Draw Summoning    |       |       |     1 ||     1
Evoke: Wand              |       |     1 |     3 ||     4
  Use: Potion            |     3 |       |     3 ||     6
       Scroll            |       |     5 |     6 ||    11
 Stab: Paralysed         |       |     7 |       ||     7
  Eat: Chunk             |     3 |     6 |     7 ||    16
       Ration            |       |       |     1 ||     1
Armor: Leather armour    |    22 |       |       ||    22
       Ring mail         |    13 |   126 |    96 ||   235
       Scale mail        |     5 |       |       ||     5
       Skin              |     2 |     2 |       ||     4
Dodge: Dodged            |    90 |   197 |   153 ||   440

Table legend:
 A = Non-vault XP
 B = Vault XP
 C = Vault XP percentage of total XP
 D = Non-vault monster count
 E = Vault monster count
 F = Vault count percentage of total count
                 A         B        C        D         E       F
            +---------+---------+-------+---------+---------+-------
      Total |    2347 |     486 |  17.2 |     159 |      21 |  11.7
            +---------+---------+-------+---------+---------+-------
        D:1 |      59 |       0 |   0.0 |      33 |       0 |   0.0
        D:2 |     134 |      35 |  20.7 |      27 |       1 |   3.6
        D:3 |     194 |      41 |  17.4 |      35 |       4 |  10.3
        D:4 |     359 |     203 |  36.1 |      19 |       1 |   5.0
        D:5 |     900 |       0 |   0.0 |      17 |       0 |   0.0
        D:6 |     443 |      65 |  12.8 |      18 |       9 |  33.3
        D:7 |     258 |       0 |   0.0 |      10 |       0 |   0.0
      Sewer |       0 |     142 | 100.0 |       0 |       6 | 100.0
            +---------+---------+-------+---------+---------+-------
